 Dungeon Crawl Stone Soup version 0.25-a0-167-g836c352ace (webtiles) character file.

Game seed: 17448718455075843642, levelgen mode: deterministic

32 MisterFreud the Sneak (level 3, 0/17 HPs)
             Began as a Felid Wanderer on Nov 25, 2019.
             Slain by a kobold
             ... wielding a +0 whip
              (6 damage)
             ... on level 1 of the Dungeon.
             The game lasted 00:01:31 (858 turns).

MisterFreud the Sneak (Felid Wanderer)               Turns: 858, Time: 00:01:31

Health: 0/17       AC:  1    Str: 11    XL:     3   Next: 8%
Magic:  4/4        EV: 18    Int: 11    God:
Gold:   0          SH:  0    Dex: 15    Spells: 2/2 levels left
                                        Lives:  0   Deaths: 0

rFire    . . .     SeeInvis +     - Unarmed
rCold    . . .     Gourm    .   (shield unavailable)
rNeg     . . .     Faith    .   (armour unavailable)
rPois    .         Spirit   .   (helmet unavailable)
rElec    .         Reflect  .   (cloak unavailable)
rCorr    .         Harm     .   (gloves unavailable)
MR       .....                  (boots unavailable)
Stlth    +++.......             (no amulet)
HPRegen  0.05/turn              (no ring)
MPRegen  0.09/turn              (no ring)

@: quick
A: very small, no armour, no weapons or thrown items, stealth, claws 1, fangs 3,
see invisible, carnivore, speed 1, shaggy fur 1, slow metabolism 1, sharp paws
a: no special abilities


You were on level 1 of the Dungeon.
You were completely stuffed.

You visited 1 branch of the dungeon, and saw 1 of its levels.

Inventory:

Scrolls
 a - a scroll of fear
 b - a scroll of teleportation
Potions
 c - a potion of curing
 e - a potion of degeneration {unknown}
Comestibles
 d - a ration
 f - a chunk of flesh


   Skills:
 + Level 3.6 Fighting
 - Level 2.6 Dodging
 - Level 4.0 Stealth
 - Level 2.0 Unarmed Combat
   Level 1.1 Evocations


You had 2 spell levels left.
You didn't know any spells.
Your spell library was empty.

Dungeon Overview and Level Annotations

Branches:
Dungeon (1/15)

Altars:


Innate Abilities, Weirdness & Mutations

You cannot wear armour.
You are incapable of wielding weapons or throwing items.
Your paws allow you to move quietly. (Stealth)
You have sharp claws.
You have razor-sharp teeth.
You have supernaturally acute eyesight. (SInv)
You are carnivorous and can eat meat at any time.
You cover ground quickly.
You are covered in fur. (AC +1)
You have a slow metabolism.
Your sharp claws are effective at attacking unaware monsters.


Message History

You scratch the kobold.
The kobold is severely wounded.
The kobold hits you but does no damage.
You scratch the kobold but do no damage.
Your bite misses the kobold.
The kobold is severely wounded.
The kobold hits you with a +0 whip.
You closely miss the kobold. Your bite misses the kobold.
The kobold is severely wounded.
The kobold hits you with a +0 whip.
You closely miss the kobold. You bite the kobold, but do no damage.
The kobold is severely wounded.
The kobold hits you with a +0 whip!
You barely miss the kobold.
The kobold is severely wounded.
The kobold hits you with a +0 whip.
You scratch the kobold but do no damage.
The kobold is severely wounded.
The kobold hits you with a +0 whip.
You die...

########.# #.# .#
#.# #.# .# # #.#
#.# .# .# #.# .#
##.##.# #.#
##.....## #.#
.......#. #.#
##........
#.########(........
#.......@KK#..#.##.
##########......#
##.###>... ... ...
.... #. #####


You could see 2 kobolds.

Vanquished Creatures
  A dart slug (D:1)
  2 leopard geckos (D:1)
  A ball python (D:1)
  3 bats (D:1)
  A giant cockroach (D:1)
  3 goblins (D:1)
  2 hobgoblins (D:1)
  3 jackals (D:1)
  5 kobolds (D:1)
  2 rats (D:1)
23 creatures vanquished.

Notes
Turn   | Place    | Note
-------+----------+-------------------------------------------
     0 | D:1      | MisterFreud the Felid Wanderer began the quest for the Orb.
     0 | D:1      | MisterFreud set off with the following items: a scroll of
                  | fear, a scroll of teleportation, a potion of curing, a
                  | ration
     0 | D:1      | Reached XP level 1. HP: 9/9 MP: 2/2
    56 | D:1      | Reached XP level 2. HP: 13/13 MP: 3/3
   777 | D:1      | Reached XP level 3. HP: 17/17 MP: 4/4
   858 | D:1      | Slain by a kobold

Levels and vault maps discovered:
D:1:      psy_arrival_conway, layout_loops_ring, minmay_tetromino_i2

Skill      XL: |  1  2 |
---------------+-------+-----
Fighting       | 3 |  3.6
Dodging        | |  2.6
Stealth        | |  4.0
Unarmed Combat | |  2.0
Evocations     | |  1.1

Action                   || total
-------------------------++-------
Melee: Unarmed           ||    75
       Bite              ||     6
 Stab: Sleeping          ||     6
  Eat: Chunk             ||     7
Armor: Skin              ||     4
Dodge: Dodged            ||    55

Table legend:
 A = Non-vault XP
 B = Vault XP
 C = Vault XP percentage of total XP
 D = Non-vault monster count
 E = Vault monster count
 F = Vault count percentage of total count
                 A         B        C        D         E       F
            +---------+---------+-------+---------+---------+-------
      Total |      42 |       4 |   8.7 |      21 |       2 |   8.7
            +---------+---------+-------+---------+---------+-------
        D:1 |      42 |       4 |   8.7 |      21 |       2 |   8.7
            +---------+---------+-------+---------+---------+-------
